 Dungeon Crawl Stone Soup version 0.29.0-4-gdea44cf6ec (webtiles) character file.

Game seed: 15079529364769150711

1001 qw the Chopper (level 8, -2/58 (60) HPs)
             Began as a Demonspawn Cinder Acolyte on Sept 9, 2022.
             Was an Elder of Ignis.
             Succumbed to a water moccasin's poison
             ... on level 6 of the Dungeon.
             The game lasted 00:01:34 (5348 turns).

qw the Chopper (Demonspawn Cinder Acolyte)          Turns: 5348, Time: 00:01:35

HP:   -2/58 (60)    AC: 26    Str: 16    XL:     8   Next: 0%
MP:   9/9           EV:  4    Int: 16    God:    Ignis [****..]
Gold: 337           SH:  0    Dex:  9    Spells: 9/9 levels left

rFire   + . .      SeeInvis .   e - +0 war axe
rCold   + . .      Faith    .   (no shield)
rNeg    . . .      Spirit   .   q - +0 plate armour
rPois   .          Reflect  .   (helmet unavailable)
rElec   .          Harm     .   g - +2 cloak
rCorr   .          Rampage  .   (no gloves)
Will    .....                   h - +0 pair of boots
Stlth   ..........              (no amulet)
HPRegen 0.19/turn               m - +4 ring of protection
MPRegen 0.11/turn               u - ring of protection from cold

@: lethally poisoned (-2 -> -28), about to teleport, fiery-armoured, lightly
drained
A: horns 3, demonic magic 1
a: Renounce Religion, Fiery Armour, Foxfire Swarm, Rising Flame


You were on level 6 of the Dungeon.
You worshipped Ignis.
Ignis was greatly pleased with you.
You visited 1 branch of the dungeon, and saw 6 of its levels.

You collected 337 gold pieces.


Innate Abilities, Weirdness & Mutations

You have a pair of large horns on your head.
Spells you cast may paralyse adjacent enemies.


   Skills:
 - Level 4.0 Fighting
 - Level 7.6 Axes
 - Level 1.0 Throwing
 - Level 3.3 Armour
 + Level 0.0 Dodging
 - Level 1.0 Spellcasting
 - Level 2.6 Fire Magic


You had 9 spell levels left.
You didn't know any spells.
Your spell library contained the following spells:

 Spells                   Type           Power      Damage    Failure   Level
 Scorch                   Fire           18%        2d5       100%        2

Inventory:

Hand Weapons
 c - a +0 morningstar
 e - a +0 war axe (weapon)
Missiles
 d - 6 boomerangs
 r - 5 silver boomerangs (quivered)
Armour
 g - a +2 cloak (worn)
 h - a +0 pair of boots (worn)
 q - a +0 plate armour (worn)
Jewellery
 m - a +4 ring of protection (left hand)
 u - a ring of protection from cold (right hand)
Potions
 a - a potion of magic {unknown}
 b - 2 potions of curing
 f - a potion of degeneration {unknown}
 i - a potion of flight {unknown}
 j - a potion of heal wounds {unknown}
 k - a potion of haste
 n - a potion of might
 o - a potion of cancellation
 s - a potion of ambrosia {unknown}
 t - 2 potions of resistance {unknown}

Dungeon Overview and Level Annotations

Branches:
Dungeon (6/15)             Temple (0/1) D:4

Altars:
Cheibriados
Nemelex Xobeh
Qazlal
Ru


Message History

You slash the orc!
You kill the orc!
You have reached level 8!
You feel agile.
Your demonic ancestry asserts itself...
The horns on your head grow some more.
You barely miss the water moccasin.
Your headbutt misses the water moccasin.
You closely miss the orc. The water moccasin bites you.
You are lethally poisoned!
The water moccasin poisons you!
The water moccasin is burned by your cloak of flames.
The water moccasin is moderately wounded.
The orc hits you but does no damage.
The orc is burned by your cloak of flames.
You kill the orc!
The water moccasin bites you but does no damage.
The water moccasin is burned by your cloak of flames.
The water moccasin is moderately wounded.
You completely miss the water moccasin. You headbutt the water moccasin!
The water moccasin is severely wounded.
You feel very sick.
The water moccasin bites you but does no damage.
The water moccasin is burned by your cloak of flames.
The water moccasin is severely wounded.
5347 ||| READING scroll of teleportation.
As you read the scroll of teleportation, it crumbles to dust.
You feel strangely unstable.
You feel very sick.
The water moccasin bites you but does no damage.
The water moccasin is burned by your cloak of flames.
The water moccasin is almost dead.
The orc hits you but does no damage. The water moccasin bites you.
You are more poisoned.
The water moccasin poisons you!
The water moccasin is burned by your cloak of flames.
The water moccasin is almost dead.
You hit the water moccasin.
You kill the water moccasin!
You die...

##.....###)...#.#
+........).....#
###..............#
+...................
##...............###
#....#####......#
#.(>.#####......#
#..(.....##+#+#.#
#..)@....... +#
#[..)%......
.......oo......
########.......
.o.#### ...# ....
.....


You could see 3 orcs.

Vanquished Creatures
  Duvessa (D:4)
  A water moccasin (D:6)
  2 ogres
  2 scorpions
  2 wights (D:6)
  Dowan (D:4)
  A jelly (D:5)
  2 orc priests (D:6)
  Jessica (D:2)
  Terence (D:3)
  Natasha (thrice) (D:3)
  2 iguanas (D:4)
  2 orc wizards
  5 adders
  A white imp (D:5)
  An ufetubus (D:6)
  A worm (D:2)
  4 dart slugs
  7 orcs
  A bat (D:3)
  8 endoplasms
  3 giant cockroaches
  4 goblins
  7 hobgoblins
  3 jackals (D:2)
  9 kobolds
  3 quokkas
  5 ball pythons
  2 frilled lizards (D:1)
  12 rats
97 creatures vanquished.

Vanquished Creatures (others)
  4 withered plants (D:3)
4 creatures vanquished.

Grand Total: 101 creatures vanquished

Notes
Turn   | Place    | Note
-------+----------+-------------------------------------------
     0 | D:1      | qw the Demonspawn Cinder Acolyte began the quest for the
                  | Orb.
     0 | D:1      | Reached XP level 1. HP: 18/18 MP: 2/2
     0 | D:1      | 0 ||| qw: Version: 0.1-a-113-g051387a
     0 | D:1      | 0 ||| qw: Game counter: 7133
     0 | D:1      | 0 ||| qw: Always use a shield: true
     0 | D:1      | 0 ||| qw: God list: Okawaru
     0 | D:1      | 0 ||| qw: Allow faded altars: false
     0 | D:1      | 0 ||| qw: Do Orc after D:15 true
     0 | D:1      | 0 ||| qw: Do second Lair branch before Depths: true
     0 | D:1      | 0 ||| qw: Lair rune preference: random
     0 | D:1      | 0 ||| qw: Plans: Normal
     0 | D:1      | 0 ||| PLANNING D:1-11
   200 | D:1      | Reached skill level 3 in Axes
   242 | D:1      | Gained mutation: Spells you cast may paralyse adjacent
                  | enemies. [demonic ancestry]
   242 | D:1      | Reached XP level 2. HP: 19/24 MP: 3/3
   715 | D:1      | 715 ||| INVOKING Fiery Armour.
   908 | D:1      | Reached skill level 1 in Throwing
  1009 | D:1      | 1009 ||| Stepping ~*~*~tactically~*~*~ (stealth).
  1011 | D:1      | 1011 ||| Stepping ~*~*~tactically~*~*~ (stealth).
  1012 | D:1      | 1012 ||| Stepping ~*~*~tactically~*~*~ (stealth).
  1080 | D:1      | 1080 ||| UPGRADING to +0 leather armour.
  1090 | D:1      | 1090 ||| DROPPING +0 robe.
  1091 | D:1      | 1091 ||| UPGRADING to +0 chain mail.
  1101 | D:1      | 1101 ||| DROPPING +0 leather armour.
  1102 | D:1      | 1102 ||| UPGRADING to +0 helmet.
  1107 | D:1      | 1107 ||| UPGRADING to +4 ring of protection.
  1108 | D:1      | 1108 ||| READING scroll labelled UNAMUR EVONI.
  1160 | D:1      | 1160 ||| READING 2 scrolls labelled QUKOMP CIUNTISENA.
  1161 | D:1      | 1161 ||| READING 2 scrolls labelled BIRICK EFIUSO.
  1162 | D:1      | 1162 ||| READING scroll labelled ALUESI FINAR.
  1163 | D:1      | 1163 ||| DRINKING 2 viscous sapphire potions.
  1164 | D:1      | 1164 ||| DROPPING potion of attraction.
  1165 | D:1      | 1165 ||| DROPPING scroll of magic mapping.
  1166 | D:1      | 1166 ||| DROPPING scroll of blinking.
  1330 | D:2      | 1330 ||| Stepping ~*~*~tactically~*~*~ (stealth).
  1335 | D:2      | 1335 ||| Stepping ~*~*~tactically~*~*~ (stealth).
  1344 | D:2      | 1344 ||| Stepping ~*~*~tactically~*~*~ (stealth).
  1351 | D:2      | Reached XP level 3. HP: 29/29 MP: 4/4
  1436 | D:2      | Reached skill level 1 in Armour
  1578 | D:2      | 1578 ||| Stepping ~*~*~tactically~*~*~ (stealth).
  1612 | D:2      | Noticed Jessica
  1614 | D:2      | 1614 ||| Stepping ~*~*~tactically~*~*~ (hiding).
  1623 | D:2      | Killed Jessica
  1624 | D:2      | Reached XP level 4. HP: 35/35 MP: 5/5
  1704 | D:2      | Reached skill level 4 in Axes
  1733 | D:2      | 1733 ||| Stepping ~*~*~tactically~*~*~ (stealth).
  1780 | D:2      | 1780 ||| Stepping ~*~*~tactically~*~*~ (hiding).
  1901 | D:2      | 1901 ||| Stepping ~*~*~tactically~*~*~ (stealth).
  1909 | D:2      | 1909 ||| Stepping ~*~*~tactically~*~*~ (stealth).
  2258 | D:2      | 2258 ||| UPGRADING to +0 pair of boots.
  2263 | D:2      | 2263 ||| READING scroll labelled ANEATE BAIRUCK.
  2264 | D:2      | 2264 ||| READING scroll labelled MALOZI OCKUI.
  2265 | D:2      | 2265 ||| READING scroll labelled FOENNYOTUS.
  2266 | D:2      | 2266 ||| READING scroll labelled BIWEOV ADUCH.
  2267 | D:2      | 2267 ||| DRINKING 2 white potions.
  2268 | D:2      | 2268 ||| DRINKING 2 inky potions.
  2361 | D:3      | 2361 ||| Stepping ~*~*~tactically~*~*~ (hiding).
  2373 | D:3      | Found a stormy altar of Qazlal.
  2393 | D:3      | Noticed Natasha
  2394 | D:3      | 2394 ||| Stepping ~*~*~tactically~*~*~ (hiding).
  2410 | D:3      | 2410 ||| INVOKING Fiery Armour.
  2412 | D:3      | Killed Natasha
  2654 | D:3      | Noticed Natasha
  2665 | D:3      | Killed Natasha
  2666 | D:3      | Gained mutation: You have a pair of small horns on your
                  | head. [demonic ancestry]
  2666 | D:3      | Reached XP level 5. HP: 33/41 MP: 6/6
  2765 | D:3      | Found a faded altar of an unknown god.
  2803 | D:3      | Noticed Terence
  2819 | D:3      | Killed Terence
  2820 | D:3      | Reached skill level 5 in Axes
  3115 | D:3      | Noticed Natasha
  3116 | D:3      | 3116 ||| Stepping ~*~*~tactically~*~*~ (hiding).
  3117 | D:3      | 3117 ||| Stepping ~*~*~tactically~*~*~ (hiding).
  3124 | D:3      | Killed Natasha
  3254 | D:3      | 3254 ||| DROPPING +1 helmet.
  3255 | D:3      | 3255 ||| DROPPING +0 helmet.
  3256 | D:3      | 3256 ||| UPGRADING to +0 plate armour.
  3266 | D:3      | 3266 ||| DROPPING +0 chain mail.
  3267 | D:3      | 3267 ||| READING scroll labelled XEAMAALIEP.
  3268 | D:3      | 3268 ||| READING scroll labelled VEOMAPLAROA.
  3274 | D:4      | Noticed Duvessa
  3274 | D:4      | Noticed Dowan
  3275 | D:4      | 3275 ||| Stepping ~*~*~tactically~*~*~ (stealth).
  3277 | D:4      | 3277 ||| Stepping ~*~*~tactically~*~*~ (hiding).
  3280 | D:4      | 3280 ||| INVOKING Fiery Armour.
  3286 | D:4      | Killed Dowan
  3293 | D:4      | Killed Duvessa
  3294 | D:4      | Reached skill level 6 in Axes
  3294 | D:4      | Reached XP level 6. HP: 15/41 MP: 7/7
  3524 | D:4      | Found a staircase to the Ecumenical Temple.
  3826 | D:4      | 3826 ||| Stepping ~*~*~tactically~*~*~ (hiding).
  4221 | D:4      | 4221 ||| UPGRADING to +2 cloak.
  4226 | D:4      | 4226 ||| READING scroll labelled ZIJAKU VOIF.
  4229 | D:4      | 4229 ||| READING scroll labelled XAM RU GUUSOI.
  4230 | D:4      | 4230 ||| DRINKING 2 glowing silvery potions.
  4239 | D:5      | Entered Level 5 of the Dungeon
  4243 | D:5      | 4243 ||| STAIRDANCE
  4350 | D:5      | 4350 ||| DROPPING +0 whip.
  4387 | D:5      | 4387 ||| SWAPPING to +0 war axe.
  4388 | D:5      | 4388 ||| DROPPING -1 hand axe of protection.
  4462 | D:5      | Found a sparkling altar of Nemelex Xobeh.
  4471 | D:5      | Reached skill level 3 in Armour
  4471 | D:5      | Gained mutation: You have a pair of horns on your head.
                  | [demonic ancestry]
  4471 | D:5      | Reached XP level 7. HP: 34/53 MP: 8/8
  4634 | D:5      | Found a snail-covered altar of Cheibriados.
  4635 | D:5      | Found a sacrificial altar of Ru.
  4717 | D:5      | 4717 ||| Stepping ~*~*~tactically~*~*~ (hiding).
  4952 | D:5      | 4952 ||| DROPPING orb of mayhem.
  4953 | D:5      | 4953 ||| UPGRADING to ring of protection from cold.
  4954 | D:5      | 4954 ||| DRINKING 2 puce potions.
  4955 | D:5      | 4955 ||| DROPPING potion of brilliance.
  4981 | D:6      | 4981 ||| PLANNING SEWER
  4981 | D:6      | 4981 ||| STAIRDANCE
  5006 | D:6      | 5006 ||| STAIRDANCE
  5167 | D:6      | 5167 ||| INVOKING Fiery Armour.
  5169 | D:6      | 5169 ||| Stepping ~*~*~tactically~*~*~ (hiding).
  5179 | D:6      | Reached skill level 7 in Axes
  5339 | D:6      | 5339 ||| INVOKING Fiery Armour.
  5345 | D:6      | Gained mutation: You have a pair of large horns on your
                  | head. [demonic ancestry]
  5345 | D:6      | Reached XP level 8. HP: 20/58 MP: 9/9
  5346 | D:6      | HP: 11/58 [poisoned by a water moccasin]
  5347 | D:6      | 5347 ||| READING scroll of teleportation.
  5347 | D:6      | HP: 4/58 [water moccasin (4)]
  5348 | D:6      | Succumbed to a water moccasin's poison

Levels and vault maps discovered:
D:1:      dpeg_arrival_ratfight, layout_basic, minmay_bisected
D:2:      layout_basic, serial_bayou_pond_c, st_stairs_12, uniq_jessica
D:3:      layout_basic, old_standard_altar, ebering_ecumenical_altar_petrified,
          uniq_terence, uniq_natasha
D:4:      layout_basic, minmay_temple_entry_glassed_door,
          kennysheep_generic_room_8, uniq_duvessa
D:5:      layout_rooms, nemelex_dance_club_becter,
          gammafunk_temple_overflow_claw
D:6:      layout_basic, serial_shops, shop_fountains, gup_sewer_entry_bubbles,
          kennysheep_small_square

Skill      XL: |  1  2  3  4  5  6  7 |
---------------+----------------------+-----
Axes           | 3 4 6 7 |  7.6
Throwing       | 1 |  1.0
Armour         | 1 2 3 |  3.3
Fighting       | 4 |  4.0
Spellcasting   | |  1.0
Fire Magic     | |  2.6

Action                   |  1- 3 |  4- 6 |  7- 9 || total
-------------------------+-------+-------+-------++-------
Melee: Hand axe          |    94 |   160 |       ||   254
       Headbutt          |       |    16 |     3 ||    19
       War axe           |       |     5 |    53 ||    58
       Punch             |       |     2 |       ||     2
Throw: Javelin           |    18 |    40 |     6 ||    64
       Boomerang         |       |     2 |     6 ||     8
Invok: Fiery Armour      |     1 |     2 |     2 ||     5
  Use: Scroll            |     4 |     8 |     1 ||    13
       Potion            |     1 |     3 |     1 ||     5
Armor: Robe              |     7 |       |       ||     7
       Chain mail        |    48 |    71 |       ||   119
       Plate armour      |       |    37 |    48 ||    85
Dodge: Dodged            |    39 |    41 |    12 ||    92

Table legend:
 A = Non-vault XP
 B = Vault XP
 C = Vault XP percentage of total XP
 D = Non-vault monster count
 E = Vault monster count
 F = Vault count percentage of total count
                 A         B        C        D         E       F
            +---------+---------+-------+---------+---------+-------
      Total |    1113 |     463 |  29.4 |      78 |      19 |  19.6
            +---------+---------+-------+---------+---------+-------
        D:1 |      19 |      13 |  40.6 |      10 |      10 |  50.0
        D:2 |      59 |      40 |  40.4 |      25 |       3 |  10.7
        D:3 |      86 |      71 |  45.2 |      10 |       2 |  16.7
        D:4 |     101 |     216 |  68.1 |      10 |       2 |  16.7
        D:5 |     228 |     123 |  35.0 |      10 |       2 |  16.7
        D:6 |     620 |       0 |   0.0 |      13 |       0 |   0.0
            +---------+---------+-------+---------+---------+-------
